| TOP OF THE 1ST |
|
Lodi Crushers batting - Pitching for Reno Silver Sox : LHP John Bohnet
|
|
Pitching: LHP John Bohnet
|
|
|
Batting: LHB Kal Daniels
|
0-0: Ball 1-0: Swinging Strike 1-1: SINGLE (Line Drive, 7LS, EV 103.1 MPH)
|
|
Batting: RHB Dave Lebeau
|
0-0: Ball 1-0: Fly out, F9 (Flyball, 9, EV 91.3 MPH)
|
|
Batting: RHB Carmelo Martinez
|
0-0: Called Strike 0-1: Ball 1-1: Ball 2-1: Swinging Strike 2-2: Ball Kal Daniels steals 2nd, throwing error, E2 Kal Daniels to third 3-2: Ground out 4-3 (Groundball, 4, EV 90.0 MPH) Kal Daniels scores
|
|
Batting: LHB Fred McGriff
|
0-0: Fly out, F9 (Flyball, 9LS, EV 89.4 MPH)
|
| Top of the 1st over - 1 run, 1 hit, 1 error, 0 left on base; Lodi 1 - Reno 0 |
| BOTTOM OF THE 1ST |
|
Reno Silver Sox batting - Pitching for Lodi Crushers : LHP John Franco
|
|
Pitching: LHP John Franco
|
|
|
Batting: RHB Lemmie Miller
|
0-0: Foul Ball, location: 2F 0-1: Swinging Strike 0-2: Ball 1-2: Strikes out swinging
|
|
Batting: RHB Rod Hobbs
|
0-0: Fly out, F4 (Popup, 4M, EV 59.4 MPH)
|
|
Batting: LHB Victor Diaz
|
0-0: Fly out, F7 (Flyball, 78M, EV 89.4 MPH)
|
| Bottom of the 1st over - 0 runs, 0 hits, 0 errors, 0 left on base; Lodi 1 - Reno 0 |
| TOP OF THE 2ND |
|
Lodi Crushers batting - Pitching for Reno Silver Sox : LHP John Bohnet
|
|
Batting: RHB Terry McGriff
|
0-0: Called Strike 0-1: Foul Ball, location: 2F 0-2: Strikes out swinging
|
|
Batting: RHB Mark Van Blaricom
|
0-0: Called Strike 0-1: Ball 1-1: Ground out 1-3 (Groundball, 15S, EV 70.6 MPH)
|
|
Batting: RHB Ron Karkovice
|
0-0: Ball 1-0: Fly out, F7 (Flyball, 7LM, EV 100.0 MPH)
|
| Top of the 2nd over - 0 runs, 0 hits, 0 errors, 0 left on base; Lodi 1 - Reno 0 |
| BOTTOM OF THE 2ND |
|
Reno Silver Sox batting - Pitching for Lodi Crushers : LHP John Franco
|
|
Batting: LHB Mike Hocutt
|
0-0: Ball 1-0: Swinging Strike 1-1: Ball 2-1: Called Strike 2-2: Foul Ball, location: 2F 2-2: Foul Ball, location: 2F 2-2: Strikes out swinging, 2-3 out at first.
|
|
Batting: RHB Bill Crone
|
0-0: Ball 1-0: Foul Ball, location: 2F 1-1: Fly out, F8 (Flyball, 8RS, EV 90.6 MPH)
|
|
Batting: LHB Kevin Rigby
|
0-0: Ball 1-0: DOUBLE (Line Drive, 3D, EV 102.5 MPH)
|
|
Batting: RHB Luis Cabanas
|
0-0: Ball 1-0: Ball 2-0: Fly out, F8 (Flyball, 8LD, EV 90.6 MPH)
|
| Bottom of the 2nd over - 0 runs, 1 hit, 0 errors, 1 left on base; Lodi 1 - Reno 0 |
| TOP OF THE 3RD |
|
Lodi Crushers batting - Pitching for Reno Silver Sox : LHP John Bohnet
|
|
Batting: LHB Jeff Reed
|
0-0: Ball 1-0: Fly out, F7 (Flyball, 7D, EV 98.8 MPH)
|
|
Batting: RHB Chris Baker
|
0-0: Swinging Strike 0-1: Called Strike 0-2: Ball 1-2: Strikes out swinging
|
|
Batting: LHB Kal Daniels
|
0-0: Ball 1-0: Called Strike 1-1: Called Strike 1-2: Foul Ball, location: 2F 1-2: Strikes out looking
|
| Top of the 3rd over - 0 runs, 0 hits, 0 errors, 0 left on base; Lodi 1 - Reno 0 |
| BOTTOM OF THE 3RD |
|
Reno Silver Sox batting - Pitching for Lodi Crushers : LHP John Franco
|
|
Batting: RHB Emilio Perez
|
0-0: Ball 1-0: Ball 2-0: Foul Ball, location: 2F 2-1: Called Strike 2-2: Strikes out swinging
|
|
Batting: LHB Gregory Shirley
|
0-0: Ball 1-0: Ball 2-0: Foul Ball, location: 2F 2-1: SINGLE (Groundball, 4MD, EV 102.5 MPH)
|
|
Batting: RHB Lemmie Miller
|
0-0: Ball 1-0: Fly out, F3 (Popup, 3S, EV 81.3 MPH)
|
|
Batting: RHB Rod Hobbs
|
0-0: Called Strike 0-1: Swinging Strike 0-2: Ball 1-2: Foul Ball, location: 2F 1-2: Ground out 4-3 (Groundball, 4, EV 108.8 MPH)
|
| Bottom of the 3rd over - 0 runs, 1 hit, 0 errors, 1 left on base; Lodi 1 - Reno 0 |
| TOP OF THE 4TH |
|
Lodi Crushers batting - Pitching for Reno Silver Sox : LHP John Bohnet
|
|
Batting: RHB Dave Lebeau
|
0-0: Ball 1-0: Ball 2-0: Ground out 6-3 (Groundball, 6M, EV 105.6 MPH)
|
|
Batting: RHB Carmelo Martinez
|
0-0: Called Strike 0-1: Called Strike 0-2: Ball 1-2: Foul Ball, location: 2F 1-2: Ball 2-2: Strikes out swinging
|
|
Batting: LHB Fred McGriff
|
0-0: Ball 1-0: Swinging Strike 1-1: Foul Ball, location: 2F 1-2: Strikes out swinging, 2-3 out at first.
|
| Top of the 4th over - 0 runs, 0 hits, 0 errors, 0 left on base; Lodi 1 - Reno 0 |
| BOTTOM OF THE 4TH |
|
Reno Silver Sox batting - Pitching for Lodi Crushers : LHP John Franco
|
|
Batting: LHB Victor Diaz
|
0-0: Ground out U3 (Groundball, 34S, EV 78.1 MPH)
|
|
Batting: LHB Mike Hocutt
|
0-0: Ball 1-0: Ball 2-0: Called Strike 2-1: Fly out, F8 (Flyball, 8RD, EV 105.0 MPH)
|
|
Batting: RHB Bill Crone
|
0-0: Ball 1-0: Ball 2-0: Called Strike 2-1: Ground out 6-3 (Groundball, 6D, EV 99.4 MPH)
|
| Bottom of the 4th over - 0 runs, 0 hits, 0 errors, 0 left on base; Lodi 1 - Reno 0 |
| TOP OF THE 5TH |
|
Lodi Crushers batting - Pitching for Reno Silver Sox : LHP John Bohnet
|
|
Batting: RHB Terry McGriff
|
0-0: Ball 1-0: Ball 2-0: Foul Ball, location: 2F 2-1: SINGLE (Line Drive, 9LS, EV 111.9 MPH)
|
|
Batting: RHB Mark Van Blaricom
|
0-0: Swinging Strike 0-1: Ball 1-1: Foul Ball, location: 2F 1-2: Fly out, F6 (Flyball, 56D, EV 93.8 MPH)
|
|
Batting: RHB Ron Karkovice
|
0-0: Foul Ball, location: 2F 0-1: Ball 1-1: Swinging Strike 1-2: SINGLE (Flyball, 8RS, EV 99.4 MPH) Terry McGriff to second
|
|
Batting: LHB Jeff Reed
|
0-0: SINGLE (Groundball, 23, EV 87.5 MPH) (infield hit) Terry McGriff to third Ron Karkovice to second
|
|
Batting: RHB Chris Baker
|
0-0: Fly out, F8 (Flyball, 8RS, EV 82.5 MPH)
|
|
Batting: LHB Kal Daniels
|
0-0: Called Strike 0-1: Ball 1-1: Fly out, F7 (Flyball, 7D, EV 98.1 MPH)
|
| Top of the 5th over - 0 runs, 3 hits, 0 errors, 3 left on base; Lodi 1 - Reno 0 |
| BOTTOM OF THE 5TH |
|
Reno Silver Sox batting - Pitching for Lodi Crushers : LHP John Franco
|
|
Batting: LHB Kevin Rigby
|
0-0: Fly out, F9 (Flyball, 9S, EV 90.0 MPH)
|
|
Batting: RHB Luis Cabanas
|
0-0: Called Strike 0-1: Ball 1-1: Ball 2-1: Fly out, F4 (Popup, 3S, EV 80.6 MPH)
|
|
Batting: RHB Emilio Perez
|
0-0: Ball 1-0: Called Strike 1-1: Ground out 5-3 (Groundball, 56S, EV 67.5 MPH)
|
| Bottom of the 5th over - 0 runs, 0 hits, 0 errors, 0 left on base; Lodi 1 - Reno 0 |
| TOP OF THE 6TH |
|
Lodi Crushers batting - Pitching for Reno Silver Sox : LHP John Bohnet
|
|
Batting: RHB Dave Lebeau
|
0-0: Called Strike 0-1: Ball 1-1: Ball 2-1: Fly out, F7 (Flyball, 78S, EV 84.4 MPH)
|
|
Batting: RHB Carmelo Martinez
|
0-0: Called Strike 0-1: Ball 1-1: Foul Ball, location: 2F 1-2: Foul Ball, location: 2F 1-2: Ball 2-2: Foul Ball, location: 2F 2-2: Ball 3-2: Foul Ball, location: 2F 3-2: Fly out, F9 (Flyball, 9, EV 95.6 MPH)
|
|
Batting: LHB Fred McGriff
|
0-0: Called Strike 0-1: Ball 1-1: Swinging Strike 1-2: Ball 2-2: SINGLE (Groundball, 34D, EV 100.0 MPH)
|
|
Batting: RHB Terry McGriff
|
0-0: Ball 1-0: Ball 2-0: Fly out, F3 (Popup, 34S, EV 76.9 MPH)
|
| Top of the 6th over - 0 runs, 1 hit, 0 errors, 1 left on base; Lodi 1 - Reno 0 |
| BOTTOM OF THE 6TH |
|
Reno Silver Sox batting - Pitching for Lodi Crushers : LHP John Franco
|
|
Batting: LHB Gregory Shirley
|
0-0: Called Strike 0-1: Foul Ball, location: 2F 0-2: SINGLE (Groundball, 34D, EV 103.8 MPH)
|
|
Batting: RHB Lemmie Miller
|
0-0: Called Strike 0-1: Ball 1-1: Fielders Choice at 2nd, 5-4 (Groundball, 5L, EV 96.3 MPH)
|
|
Batting: RHB Rod Hobbs
|
0-0: Ball 1-0: Ball 2-0: Fly out, F4 (Popup, 4M, EV 58.8 MPH)
|
|
Batting: LHB Victor Diaz
|
0-0: SINGLE (Line Drive, 7LM, EV 103.8 MPH) Lemmie Miller to second Runner from 2nd tries for 3rd, SAFE, throw by LF made to third
|
|
Batting: LHB Mike Hocutt
|
Pickoff Throw to First - Out! 1-3
|
| Bottom of the 6th over - 0 runs, 2 hits, 0 errors, 1 left on base; Lodi 1 - Reno 0 |
| TOP OF THE 7TH |
|
Lodi Crushers batting - Pitching for Reno Silver Sox : LHP John Bohnet
|
|
Batting: RHB Mark Van Blaricom
|
0-0: Fly out, F8 (Flyball, 8RS, EV 88.1 MPH)
|
|
Batting: RHB Ron Karkovice
|
0-0: Called Strike 0-1: Fly out, F1 (Line Drive, P, EV 71.3 MPH)
|
|
Batting: LHB Jeff Reed
|
0-0: Called Strike 0-1: Ground out 6-3 (Groundball, 6M, EV 106.9 MPH)
|
| Top of the 7th over - 0 runs, 0 hits, 0 errors, 0 left on base; Lodi 1 - Reno 0 |
| BOTTOM OF THE 7TH |
|
Reno Silver Sox batting - Pitching for Lodi Crushers : LHP John Franco
|
|
Batting: LHB Mike Hocutt
|
0-0: Foul Ball, location: 2F 0-1: Ball 1-1: Fly out, F7 (Flyball, 78D, EV 95.6 MPH)
|
|
Batting: RHB Bill Crone
|
0-0: Ball 1-0: Ball 2-0: Ball 3-0: Base on Balls
|
|
Batting: RHB Eddie Brunson
|
0-0: Called Strike 0-1: Ball 1-1: Foul Ball, location: 2F 1-2: Ball 2-2: Strikes out looking
|
|
Batting: RHB Luis Cabanas
|
0-0: Ball 1-0: Foul Ball, location: 2F 1-1: Ball 2-1: Ground out 6-3 (Groundball, 4M, EV 98.1 MPH)
|
| Bottom of the 7th over - 0 runs, 0 hits, 0 errors, 1 left on base; Lodi 1 - Reno 0 |
| TOP OF THE 8TH |
|
Lodi Crushers batting - Pitching for Reno Silver Sox : LHP John Bohnet
|
|
Batting: RHB Chris Baker
|
0-0: Called Strike 0-1: Foul Ball, location: 2F 0-2: Fly out, F5 (Flyball, 5D, EV 93.1 MPH)
|
|
Batting: LHB Kal Daniels
|
0-0: Foul Ball, location: 2F 0-1: Called Strike 0-2: Strikes out looking
|
|
Batting: RHB Dave Lebeau
|
0-0: Ball 1-0: Foul Ball, location: 2F 1-1: Ball 2-1: Called Strike 2-2: Ball 3-2: Ground out U3 (Groundball, 3, EV 80.6 MPH)
|
| Top of the 8th over - 0 runs, 0 hits, 0 errors, 0 left on base; Lodi 1 - Reno 0 |
| BOTTOM OF THE 8TH |
|
Reno Silver Sox batting - Pitching for Lodi Crushers : LHP John Franco
|
|
Batting: RHB Emilio Perez
|
0-0: Called Strike 0-1: SINGLE (Groundball, 34D, EV 96.9 MPH)
|
|
Batting: LHB Gregory Shirley
|
0-0: Foul Ball, location: 2F 0-1: Foul Ball, location: 2F 0-2: Ball 1-2: Ball 2-2: Foul Ball, location: 2F 2-2: Strikes out swinging
|
|
Batting: RHB Lemmie Miller
|
0-0: Ball 1-0: Called Strike 1-1: Swinging Strike 1-2: Foul Ball, location: 2F 1-2: Ball 2-2: Ball 3-2: Fielders Choice at 2nd, 4-6 (Groundball, 34, EV 105.0 MPH)
|
|
Batting: RHB Rod Hobbs
|
0-0: Ball 1-0: Ball 2-0: Foul Ball, location: 2F 2-1: Fly out, F7 (Flyball, 78M, EV 88.1 MPH)
|
| Bottom of the 8th over - 0 runs, 1 hit, 0 errors, 1 left on base; Lodi 1 - Reno 0 |
| TOP OF THE 9TH |
|
Lodi Crushers batting - Pitching for Reno Silver Sox : LHP John Bohnet
|
|
Batting: RHB Carmelo Martinez
|
0-0: Ball 1-0: Called Strike 1-1: Ball 2-1: Foul Ball, location: 2F 2-2: Fly out, F6 (Popup, P, EV 79.4 MPH)
|
|
Batting: LHB Fred McGriff
|
0-0: Called Strike 0-1: SINGLE (Line Drive, 8RS, EV 102.5 MPH)
|
|
Batting: RHB Terry McGriff
|
0-0: Called Strike 0-1: Foul Ball, location: 2F 0-2: Ball 1-2: Strikes out swinging
|
|
Batting: RHB Mark Van Blaricom
|
0-0: Ball 1-0: Ball 2-0: Called Strike 2-1: Called Strike 2-2: Foul Ball, location: 2F 2-2: Foul Ball, location: 2F 2-2: Foul Ball, location: 2F 2-2: Foul Ball, location: 2F 2-2: Ground out U3 (Groundball, 3, EV 100.6 MPH)
|
| Top of the 9th over - 0 runs, 1 hit, 0 errors, 1 left on base; Lodi 1 - Reno 0 |
| BOTTOM OF THE 9TH |
|
Reno Silver Sox batting - Pitching for Lodi Crushers : LHP John Franco
|
|
Batting: LHB Victor Diaz
|
0-0: Called Strike 0-1: Ball 1-1: Ground out 4-3 (Groundball, 4, EV 81.9 MPH)
|
|
Batting: LHB Mike Hocutt
|
0-0: Swinging Strike 0-1: Ball 1-1: Foul Ball, location: 2F 1-2: Fly out, F7 (Line Drive, 7D, EV 92.5 MPH)
|
|
Batting: RHB Bill Crone
|
0-0: Called Strike 0-1: Called Strike 0-2: Foul Ball, location: 2F 0-2: Ground out 6-3 (Groundball, 6, EV 89.4 MPH)
|
| Bottom of the 9th over - 0 runs, 0 hits, 0 errors, 0 left on base; Lodi 1 - Reno 0 |
|